 Dungeon Crawl Stone Soup version 0.29-a0-648-g6b26cc9f40 (webtiles) character file.

Game seed: 5047120680078462680

19580 CollectiveS the Covert (level 13, -5/74 HPs)
             Began as a Kobold Enchanter on June 20, 2022.
             Was a Follower of Ashenzari.
             Slain by a hell knight
             ... wielding a +3 great sword of flaming
              (26 damage)
             ... on level 10 of the Dungeon.
             The game lasted 00:52:09 (11885 turns).

CollectiveS the Covert (Kobold Enchanter)          Turns: 11885, Time: 00:52:10

Health: -5/74      AC:  9    Str: 11    XL:     13   Next: 5%
Magic:  17/25      EV: 17    Int: 18    God:    Ashenzari [*.....]
Gold:   1008       SH:  0    Dex: 22    Spells: 11/28 levels left

rFire   . . .      SeeInvis .   o - +5 dagger (venom)
rCold   . . .      Faith    .   (no shield)
rNeg    + . .      Spirit   .   t - +2 robe {rN+}
rPois   .          Reflect  .   k - +0 helmet
rElec   .          Harm     .   (no cloak)
rCorr   .          Rampage  .   d - +2 pair of gloves "I Knew You'd Do That" {Dex+3, Self, Melee} (curse)
Will    .....                   p - +0 pair of boots
Stlth   +++++++...              l - amulet of the Chained Omission {Regen+, Bglg, Self} (curse)
HPRegen 1.02/turn               v - +6 ring of strength
MPRegen 0.19/turn               (no ring)

@: flying, hasted, very quick
A: small, no large weapons, nightstalker 3
a: Renounce Religion, Curse Item, Shatter the Chains


You were on level 10 of the Dungeon.
You worshipped Ashenzari.
Ashenzari was aware of your devotion.
You visited 1 branch of the dungeon, and saw 10 of its levels.
You also visited: Ossuary and Bailey.

You collected 1008 gold pieces.

Inventory:

Hand Weapons
 n - a +0 dagger of electrocution
 o - a +5 dagger of venom (weapon)
Missiles
 a - 2 curare-tipped darts
 r - 33 poisoned darts
 u - 5 throwing nets (quivered)
Armour
 d - the cursed +2 pair of gloves "I Knew You'd Do That" (worn) {Dex+3, Self, Melee}
   (You found it on level 1 of the Dungeon)

   It has a curse which improves the following skills: Introspection: Fighting
   and Spellcasting.
   Melee Combat: Short Blades, Long Blades, Axes, Maces & Flails, Polearms,
   Staves and Unarmed Combat.
 k - a +0 helmet (worn)
 p - a +0 pair of boots (worn)
 t - a +2 robe of positive energy (worn)
 y - +0 steam dragon scales
Jewellery
 l - the cursed amulet of the Chained Omission (around neck) {Regen+, Bglg, Self}
   (You found it on level 2 of the Dungeon)

   [amulet of regeneration]

   Regen:     It increases your rate of health regeneration.
   It has a curse which improves the following skills: Beguiling: Conjurations,
   Hexes and Translocations.
   Introspection: Fighting and Spellcasting.
 v - a +6 ring of strength (left hand)
Wands
 b - a wand of iceblast (4)
 h - a wand of mindburst (7)
 B - a wand of flame (50)
 C - a wand of polymorph (11)
 G - a wand of acid (4)
Scrolls
 i - 6 scrolls of teleportation
 m - 2 scrolls of amnesia
 x - 2 scrolls of magic mapping
 D - a scroll of fog
 E - a scroll of fear
Potions
 c - 2 potions of invisibility
 e - a potion of resistance
 f - 7 potions of curing
 g - a potion of haste
 j - 2 potions of flight
 s - 4 potions of might
 z - a potion of cancellation
 A - a potion of attraction
 F - a potion of magic
Miscellaneous
 q - a condenser vane


   Skills:
 - Level 4.7(6.0) Fighting
 - Level 9.5(10.4) Short Blades
 + Level 4.5 Dodging
 * Level 13.5 Stealth
 - Level 7.0(8.3) Spellcasting
 - Level 11.9(12.7) Hexes
 + Level 4.4(5.3) Translocations
 + Level 7.6 Ice Magic


You had 11 spell levels left.
You knew the following spells:

 Your Spells              Type           Power      Damage    Failure   Level
a - Ensorcelled Hibernat  Hex/Ice        88%        N/A       1%          2
b - Tukima's Dance        Hex            52%        N/A       1%          3
c - Teleport Other        Tloc           26%        N/A       3%          3
d - Confusing Touch       Hex            52%        N/A       1%          3
e - Gell's Gravitas       Tloc           26%        N/A       3%          3
f - Lesser Beckoning      Tloc           26%        N/A       3%          3

Your spell library contained the following spells:

 Spells                   Type           Power      Damage    Failure   Level
 Dazzling Flash           Conj/Hex       60%        N/A       1%          3
 Ozocubu's Armour         Ice            35%        N/A       1%          3
 Anguish                  Hex/Necr       15%        N/A       7%          4
 Magic Dart               Conj           28%        1d4       9%          1
 Call Imp                 Summ           7%         N/A       14%         2
 Passwall                 Tmut/Erth      5%         N/A       14%         2
 Silence                  Hex/Air        15%        N/A       19%         5
 Mephitic Cloud           Conj/Pois/Air  7%         N/A       28%         3
 Spider Form              Tmut/Pois      7%         N/A       28%         3
 Swiftness                Air            7%         N/A       28%         3
 Iskenderun's Mystic Bla  Conj/Tloc      17%        2d5       30%         4
 Animate Dead             Necr           7%         N/A       67%         4
 Agony                    Necr           7%         N/A       95%         5
 Borgnjor's Vile Clutch   Necr/Erth      3%         N/A       95%         5
 Ozocubu's Refrigeration  Ice            17%        4d8       98%         7
 Death Channel            Necr           3%         N/A       100%        6
 Starburst                Conj/Fire      3%         6d3       100%        6


Dungeon Overview and Level Annotations

Branches:
Dungeon (10/15)            Temple (0/1) D:6            Lair (0/6) D:9
Ossuary (visited)          Bailey (visited)
    Orc: D:9-12

Altars:
Ashenzari
Elyvilon
Hepliaklqana
Makhleb
Nemelex Xobeh
Okawaru
Sif Muna
Trog
Uskayaw
Vehumet
Wu Jian
Yredelemnul

Shops:
D:1 (   D:6 =

Annotations:
D:5 2 runed translucent doors
D:7 3 runed translucent doors, SlaveLabor's ghost, novice DEAE
D:10 1 transporter, 2 exclusions


Innate Abilities, Weirdness & Mutations

You are small and have problems with some larger weapons.
You are completely attuned to the shadows.


Message History

Press: ? - help, Shift-Dir - straight line, f/p - hell knight
Aim: a hell knight, wielding a +0 demon blade and wearing a +0 chain mail (fast, chance to affect: 50%)
The hell knight resists with some effort.
The hell knight barely misses you.
The hell knight calls down the wrath of its god upon you.
The bolt of fire hits you!!!
Ouch! That really hurt!
* * * LOW HITPOINT WARNING * * *
You hear a shout! x2
Casting: Ensorcelled Hibernation (safe; 1% risk of failure)
Confirm with . or Enter, or press ? or * to list all spells.
You don't know that spell.
You feel much better.
The hell knight hits you with a +0 demon blade!
You feel yourself speed up.
The hell knight hits you but does no damage.
The hell knight misses you.
The hell knight mumbles some strange prayers to its god.
The hell knight seems to speed up.
Okay, then.
The hell knight attacks as you move away!
The hell knight barely misses you.
The hell knight attacks as you move away!
The hell knight hits you with a +0 demon blade!!
* * * LOW HITPOINT WARNING * * *
The hell knight shouts!
The hell knight misses you.
Unknown command.
Why would you want to do that?
Unknown command.
Unknown command.
You feel much better.
You feel very buoyant.
You fly up into the air.
The hell knight hits you with a +4 halberd of distortion.
Space warps horribly around you!
* * * LOW HITPOINT WARNING * * *
A hell knight comes into view. It is wielding a +4 halberd of flaming.
The hell knight hits you with a +3 great sword of flaming!!
You die...

#.........# #........
#..####...#.###### #.#######
#..# #...#.#...p. #.# #..#
#..§≈.#.# #. #..# #...≈.#p#
#.# ###..# #...≈†#<# h# #.#
.....####...≈†#.# p# #.#######
............≈†#p#####.#
#........
............#.#p@p.§†.#
#..######
..######....#.###§§≈### #.##
..# #....#....§§... #.# ..###
##....#############†# .....
...............†....## ##
.....................)........
..
...........######.............
## ..... .....# #..##########.
..... .....# #..#


You could see 4 hell knights.

Vanquished Creatures
  A hydra (D:9)
  A two-headed ogre (D:9)
  A necromancer (D:10)
  An unseen horror (D:10)
  2 kobold demonologists (D:10)
  A tarantella (shapeshifter) (D:8)
  Grinder (D:4)
  Sigmund (D:4)
  4 shadows
  2 wyverns
  6 yaks
  Grum (D:9)
  4 steam dragons
  An acid dragon (D:10)
  A water moccasin (D:6)
  Duvessa (D:5)
  6 hell hounds (D:10)
  2 ice beasts (D:5)
  13 orc warriors
  2 sky beasts
  2 ogres
  4 wolves (D:9)
  12 centaurs
  A phantom (D:6)
  A gnoll sergeant (D:8)
  4 kobold brigands
  7 bullfrogs
  3 necrophages
  6 water moccasin zombies (Ossuary)
  4 scorpions
  4 wights (D:8)
  Dowan (D:5)
  3 killer bees (D:9)
  2 howler monkeys (D:7)
  3 hounds (D:5)
  5 orc priests
  A gnoll shaman (D:6)
  2 jellies
  Ijyb (D:5)
  6 iguanas
  15 orc wizards
  2 mummies (Ossuary)
  7 adders
  18 gnolls
  5 shadow imps
  A white imp (D:6)
  3 ufetubi
  8 adder zombies (Ossuary)
  4 dart slugs
  49 orcs
  3 bats
  6 endoplasms
  2 giant cockroaches
  4 gnoll zombies (Ossuary)
  9 goblins
  5 hobgoblins
  3 jackals (D:3)
  3 quokkas
  6 ball pythons
  5 frilled lizards
  4 hobgoblin zombies (Ossuary)
  28 kobolds
  3 kobold zombies (Ossuary)
  5 orc zombies (Ossuary)
  7 rats
329 creatures vanquished.

Vanquished Creatures (collateral kills)
  A centaur (Bailey)
  A wight (D:8)
2 creatures vanquished.

Vanquished Creatures (others)
  A wizard (D:4)
  3 dancing weapons (D:8)
  An orc priest (D:8)
  18 fungi
  33 plants
56 creatures vanquished.

Grand Total: 387 creatures vanquished

Notes
Turn   | Place    | Note
-------+----------+-------------------------------------------
     0 | D:1      | CollectiveS the Kobold Enchanter began the quest for the
                  | Orb.
     0 | D:1      | Reached XP level 1. HP: 10/10 MP: 3/3
   520 | D:1      | Reached XP level 2. HP: 15/15 MP: 5/5
   523 | D:1      | Learned a level 2 spell: Ensorcelled Hibernation
  1004 | D:1      | Found Lorroj's Antique Weapon Emporium.
  1333 | D:2      | Reached XP level 3. HP: 19/19 MP: 6/6
  1745 | D:2      | Reached XP level 4. HP: 24/24 MP: 8/8
  1920 | D:3      | Found a broken altar of Ashenzari.
  1995 | D:3      | Found a faded altar of an unknown god.
  2199 | D:3      | Found a burning altar of Makhleb.
  2211 | D:3      | Found a shimmering blue altar of Sif Muna.
  2272 | D:3      | Found a white marble altar of Elyvilon.
  2392 | D:3      | Found a sparkling altar of Nemelex Xobeh.
  2670 | D:3      | Reached XP level 5. HP: 28/28 MP: 9/9
  2673 | D:3      | Reached skill level 5 in Stealth
  2822 | D:3      | Became a worshipper of Ashenzari the Shackled
  3052 | D:4      | Noticed Sigmund
  3119 | D:4      | Found a basalt altar of Yredelemnul.
  3181 | D:4      | Found a bloodstained altar of Trog.
  3182 | D:4      | Noticed Grinder
  3192 | D:4      | Paralysed by Grinder for 2 turns
  3198 | D:4      | Killed Grinder
  3199 | D:4      | Reached skill level 5 in Short Blades
  3199 | D:4      | Reached skill level 1 in Ice Magic
  3199 | D:4      | Reached XP level 6. HP: 32/32 MP: 9/11
  3227 | D:4      | Noticed a wizard
  3230 | D:4      | Killed a wizard
  3271 | D:4      | Reached XP level 7. HP: 36/36 MP: 12/12
  3301 | D:4      | Noticed a yak
  3415 | D:4      | Killed a yak
  3416 | D:4      | Reached skill level 6 in Stealth
  3931 | D:4      | Reached XP level 8. HP: 41/41 MP: 14/14
  4132 | D:4      | Killed Sigmund
  4170 | D:5      | Entered Level 5 of the Dungeon
  4219 | D:5      | Found a sand-covered staircase.
  4294 | D:5      | Noticed Ijyb
  4303 | D:5      | Reached skill level 5 in Hexes
  4304 | D:5      | Killed Ijyb
  4320 | D:5      | Reached skill level 7 in Stealth
  4353 | Ossuary  | Entered an ossuary
  4660 | Ossuary  | Reached XP level 9. HP: 36/45 MP: 16/16
  4758 | Ossuary  | Reached skill level 5 in Spellcasting
  5062 | D:5      | Found an iron altar of Okawaru.
  5162 | D:5      | Reached skill level 8 in Stealth
  5252 | D:5      | Found a large runed translucent door.
  5252 | D:5      | Found a large runed translucent door.
  5295 | D:5      | Noticed Dowan
  5295 | D:5      | Noticed Duvessa
  5305 | D:5      | Killed Duvessa
  5307 | D:5      | Killed Dowan
  5619 | D:6      | Found a staircase to the Ecumenical Temple.
  5752 | D:6      | Reached skill level 1 in Fighting
  5827 | D:6      | Reached XP level 10. HP: 53/53 MP: 14/19
  5859 | D:6      | Found Malolaac's Jewellery Boutique.
  6044 | D:6      | Reached skill level 5 in Ice Magic
  6047 | D:6      | Reached skill level 9 in Stealth
  6385 | D:7      | Found a radiant altar of Vehumet.
  6623 | D:7      | Found an ornate altar of the Wu Jian Council.
  6811 | D:7      | Found a runed translucent gate.
  6838 | D:7      | Found a runed translucent gate.
  6840 | D:7      | Found a runed translucent gate.
  6840 | D:7      | Noticed SlaveLabor's ghost (novice DEAE)
  6841 | D:7      | Noticed a kobold demonologist
  7474 | D:8      | Reached skill level 10 in Stealth
  7584 | D:8      | Learned a level 3 spell: Tukima's Dance
  7588 | D:8      | Learned a level 3 spell: Teleport Other
  7592 | D:8      | Learned a level 3 spell: Confusing Touch
  7596 | D:8      | Learned a level 3 spell: Gell's Gravitas
  7600 | D:8      | Learned a level 3 spell: Lesser Beckoning
  8027 | D:8      | Reached * piety under Ashenzari
  8145 | D:8      | Reached skill level 1 in Translocations
  8295 | D:8      | Reached XP level 11. HP: 64/64 MP: 23/23
  8681 | D:9      | Found a flagged portal.
  8687 | Bailey   | Entered a bailey
  9042 | Bailey   | Reached skill level 11 in Stealth
  9741 | D:9      | Noticed Grum
  9823 | D:9      | Killed Grum
 10110 | D:9      | Noticed a four-headed hydra
 10112 | D:9      | Reached XP level 12. HP: 70/70 MP: 24/24
 10117 | D:9      | Killed a four-headed hydra
 10118 | D:9      | Reached skill level 12 in Stealth
 10181 | D:9      | Noticed a two-headed ogre
 10186 | D:9      | Killed a two-headed ogre
 10330 | D:9      | Found a staircase to the Lair.
 10514 | D:10     | Entered Level 10 of the Dungeon
 11112 | D:10     | Found a transporter.
 11184 | D:10     | Reached skill level 13 in Stealth
 11344 | D:10     | Found a hazy altar of Hepliaklqana.
 11420 | D:10     | Found a hide-covered altar of Uskayaw.
 11844 | D:10     | Reached XP level 13. HP: 74/74 MP: 20/25
 11885 | D:10     | Slain by a hell knight

Illustrated notes

Levels and vault maps discovered:
D:1:      minmay_arrival_up_and_down, layout_basic, serial_shops, shop,
          minmay_tripent
D:2:      layout_loops_ring, nicolae_figureground_sparkle
D:3:      layout_rooms, amcnicky_altar_gilded, amethyst_overflow_temple_binary,
          nemelex_xobeh_ov_fountains_minmay, nicolae_ashenzari_panopticon,
          dreamdust_ecumenical_altar_statues, minmay_puff
D:4:      kennysheep_big_flooded_room, layout_loops_cross, kennysheep_mini,
          trog_wizard, minmay_stone_trees_large, minmay_misc_feat_nine_boxes,
          minmay_divided_ellipse, uniq_grinder, uniq_sigmund
D:5:      layout_rooms, lemuel_round_altar, ebering_ghost_disaster_area,
          nicolae_ossuary_entry_monument, grunt_decor_one_mirror,
          lexackson_kobold_supper, uniq_duvessa, uniq_ijyb
D:6:      kennysheep_steamy, layout_rooms, minmay_temple_entry_antechambers,
          serial_shops, shop
D:7:      layout_loops_ring, fiery_altar_vehumet,
          mainiacjoe_overflow_surrounded_room, gammafunk_ghost_nasty_kobolds
D:8:      minmay_chambers_of_fours, layout_basic, minivault_22
D:9:      layout_roguey, grunt_lair_entry_orc_guard_hut, enter_bailey_2,
          billiards_dpeg, uniq_grum
D:10:     gammafunk_cloud_chamber, layout_small_grid, kennysheep_little_box,
          general_overflow_altar, minmay_rotating_lava

Skill      XL: |  1  2  3  4  5  6  7  8  9 10 11 12 |
---------------+-------------------------------------+-----
Short Blades   | 2 3 5 6 8 9 |  9.5
Stealth        | 5 6 7 8 10 11 13 | 13.5
Spellcasting   | 3 4 5 7 |  7.0
Hexes          | 4 5 6 7 11 | 11.9
Ice Magic      | 1 2 3 4 6 7 |  7.6
Fighting       | 1 4 |  4.7
Translocations | 1 3 4 |  4.4
Dodging        | 4 |  4.5

Action                   |  1- 3 |  4- 6 |  7- 9 | 10-12 | 13-15 || total
-------------------------+-------+-------+-------+-------+-------++-------
Melee: Dagger            |    49 |    88 |   546 |   396 |    12 ||  1091
       Punch             |       |     1 |    14 |     5 |       ||    20
Throw: Dart              |       |       |     4 |    36 |       ||    40
       Throwing net      |       |       |       |     6 |       ||     6
 Cast: Ensorcelled Hiber |       |     5 |    23 |   100 |     5 ||   133
       Tukima's Dance    |       |       |       |    12 |       ||    12
       Confusing Touch   |       |       |       |     4 |       ||     4
Invok: Curse Item        |       |       |     1 |     1 |       ||     2
Evoke: Wand              |       |       |       |     1 |       ||     1
  Use: Scroll            |       |     9 |     7 |     6 |       ||    22
       Potion            |       |     1 |     5 |     4 |     4 ||    14
 Stab: Sleeping          |    23 |    18 |    38 |    95 |     2 ||   176
       Distracted        |       |       |     1 |       |       ||     1
Armor: Robe              |     2 |     6 |    72 |    97 |     2 ||   179
       Skin              |       |     7 |    55 |       |       ||    62
Dodge: Dodged            |    16 |    52 |   254 |   263 |     8 ||   593

Table legend: (Time is in decaauts)
 A = Elapsed time spent in this place.
 B = Non-inter-level travel time spent in this place.
 C = Inter-level travel time spent in this place.
 D = Time resting spent in this place.
 E = Time spent auto-exploring this place.
 F = Levels seen in this place.
 G = Mean time per level.
                   A        B        C        D        E       F      G
               +--------+--------+--------+--------+--------+-----+--------+
         Total |  11464 |  10553 |    911 |    576 |   5813 |  12 |  955.3 |
       Dungeon |  10251 |   9340 |    911 |    452 |   5703 |  10 | 1025.1 |
       Ossuary |    353 |    353 |      0 |     59 |      0 |   1 |  353.0 |
        Bailey |    858 |    858 |      0 |     65 |    110 |   1 |  858.0 |
               +--------+--------+--------+--------+--------+-----+--------+

Top non-repeatable levels by time:
     D:8: 1340 daAuts
    D:10: 1333 daAuts
     D:4: 1174 daAuts
     D:3: 1097 daAuts
     D:1: 1081 daAuts
     D:9: 956 daAuts
     D:7: 939 daAuts
  Bailey: 858 daAuts
     D:5: 844 daAuts
     D:2: 781 daAuts
     D:6: 702 daAuts
 Ossuary: 353 daAuts
